SAA
GURDON PELICANS @ LONG ISLAND SEAWOLVES
06/23/2020
 
TOP OF THE 1ST
Gurdon Pelicans batting - Pitching for Long Island Seawolves : RHP Jim Unknown
Pitching: RHP Jim Unknown
Batting: RHB José Muńóz 0-0: Called Strike
0-1: Ball
1-1: Ball
2-1: SINGLE (Groundball, 56D) (infield hit)
Batting: SHB Carlos Kramer 0-0: Ball
1-0: Fielders Choice at 2nd, 1-6 (Groundball, 25)
Batting: LHB Jesús Reyes 0-0: Ball
Carlos Kramer steals 2nd base
1-0: Fly out, F7 (Flyball, 78XD)
Runner from 2nd tags up, SAFE at 3rd, no throw
Batting: RHB Alex Maxwell 0-0: Called Strike
0-1: Ball
1-1: Swinging Strike
1-2: Strikes out swinging
Top of the 1st over - 0 run(s), 1 hit(s), 0 error(s), 1 left on base; Gurdon 0 - Long Island 0
BOTTOM OF THE 1ST
Long Island Seawolves batting - Pitching for Gurdon Pelicans : LHP Francisco Mora
Pitching: LHP Francisco Mora
Batting: RHB Manuel Martínez 0-0: Called Strike
0-1: SINGLE (Flyball, 89S)
Batting: RHB Jim Unknown 0-0: Called Strike
0-1: Swinging Strike
0-2: Ball
1-2: Fly out, F7 (Flyball, 7D)
Batting: RHB Jim Unknown 0-0: Ball
1-0: Swinging Strike
1-1: Called Strike
1-2: Foul Ball, location: 2F
1-2: Strikes out swinging
Batting: SHB Carroll Kline 0-0: Ball
1-0: Called Strike
1-1: SINGLE (Groundball, 6D)
Manuel Martínez to second
Batting: RHB Cory Hansen 0-0: Ball
1-0: Ground out 6-3 (Groundball, 6)
Bottom of the 1st over - 0 run(s), 2 hit(s), 0 error(s), 2 left on base; Gurdon 0 - Long Island 0
TOP OF THE 2ND
Gurdon Pelicans batting - Pitching for Long Island Seawolves : RHP Jim Unknown
Batting: RHB Riley Howard 0-0: Foul Ball, location: 2F
0-1: Ball
1-1: Fly out, F9 (Flyball, 9M)
Batting: RHB António Sánchez 0-0: Ball
1-0: Ball
2-0: Called Strike
2-1: Ball
3-1: Base on Balls
Batting: RHB Bobby Buck 0-0: Ball
1-0: Called Strike
1-1: Ball
António Sánchez is caught stealing 2nd base
2-1: Ball
3-1: Foul Ball, location: 2F
3-2: SINGLE (Flyball, 7LS)
Batting: RHB Tony Hernández 0-0: Called Strike
0-1: Ground out 4-3 (Groundball, 34)
Top of the 2nd over - 0 run(s), 1 hit(s), 0 error(s), 1 left on base; Gurdon 0 - Long Island 0
BOTTOM OF THE 2ND
Long Island Seawolves batting - Pitching for Gurdon Pelicans : LHP Francisco Mora
Batting: RHB Jim Unknown 0-0: Called Strike
0-1: Ball
1-1: Ball
2-1: Ball
3-1: Swinging Strike
3-2: Base on Balls
Batting: LHB Jim Unknown 0-0: Called Strike
0-1: Ball
1-1: Ball
2-1: Foul Ball, location: 2F
2-2: Ball
3-2: Base on Balls
Jim Unknown to second
Batting: RHB Jim Unknown 0-0: Fly out, F4 (Line Drive, 4)
Batting: RHB Jim Unknown 0-0: Fly out, F8 (Flyball, 8RXD)
Runner from 2nd tags up, SAFE at 3rd, no throw
Batting: RHB Manuel Martínez 0-0: Foul Ball, location: 2F
0-1: Swinging Strike
0-2: Ball
1-2: Strikes out swinging
Bottom of the 2nd over - 0 run(s), 0 hit(s), 0 error(s), 2 left on base; Gurdon 0 - Long Island 0
TOP OF THE 3RD
Gurdon Pelicans batting - Pitching for Long Island Seawolves : RHP Jim Unknown
Batting: RHB Micah Miller 0-0: Ball
1-0: Foul Ball, location: 2F
1-1: Ball
2-1: Fly out, F9 (Flyball, 89M)
Batting: RHB José Muńóz 0-0: Swinging Strike
0-1: Ball
1-1: Ball
2-1: Called Strike
2-2: Foul Ball, location: 2F
2-2: Ball
3-2: Ground out 6-3 (Groundball, 6MS)
Batting: SHB Carlos Kramer 0-0: Ball
1-0: Called Strike
1-1: Foul Ball, location: 2F
1-2: TRIPLE (Flyball, 89D)
Batting: LHB Jesús Reyes 0-0: Called Strike
0-1: Foul Ball, location: 2F
0-2: Ball
1-2: Ball
2-2: Strikes out looking
Top of the 3rd over - 0 run(s), 1 hit(s), 0 error(s), 1 left on base; Gurdon 0 - Long Island 0
BOTTOM OF THE 3RD
Long Island Seawolves batting - Pitching for Gurdon Pelicans : LHP Francisco Mora
Batting: RHB Jim Unknown 0-0: Ball
1-0: Ground out 5-3 (Groundball, 5S)
Batting: RHB Jim Unknown 0-0: Swinging Strike
0-1: Ball
1-1: Called Strike
1-2: Ball
2-2: Fly out, F8 (Flyball, 8RXD)
Batting: SHB Carroll Kline 0-0: Ball
1-0: Foul Ball, location: 2F
1-1: Ball
2-1: Foul Ball, location: 2F
2-2: Ball
3-2: SOLO HOME RUN (Flyball, 9D), Distance : 345 ft
Batting: RHB Cory Hansen 0-0: Ball
1-0: Ball
2-0: Ball
3-0: Called Strike
3-1: Called Strike
3-2: Foul Ball, location: 2F
3-2: Strikes out swinging
Bottom of the 3rd over - 1 run(s), 1 hit(s), 0 error(s), 0 left on base; Gurdon 0 - Long Island 1
TOP OF THE 4TH
Gurdon Pelicans batting - Pitching for Long Island Seawolves : RHP Jim Unknown
Batting: RHB Alex Maxwell 0-0: Foul Ball, location: 2F
0-1: Ball
1-1: Called Strike
1-2: Ball
2-2: Ball
3-2: SINGLE (Line Drive, 34D)
Batting: RHB Riley Howard 0-0: Called Strike
0-1: Ball
1-1: Ball
Alex Maxwell steals 2nd base
2-1: Foul Ball, location: 2F
2-2: Foul Ball, location: 2F
2-2: Foul Ball, location: 2F
2-2: Ground out 6-3 (Groundball, 6)
Batting: RHB António Sánchez 0-0: Called Strike
0-1: Ball
1-1: Swinging Strike
1-2: Ball
2-2: Foul Ball, location: 2F
2-2: Strikes out swinging
Batting: RHB Bobby Buck 0-0: Called Strike
0-1: Fly out, F7 (Flyball, 7LS)
Top of the 4th over - 0 run(s), 1 hit(s), 0 error(s), 1 left on base; Gurdon 0 - Long Island 1
BOTTOM OF THE 4TH
Long Island Seawolves batting - Pitching for Gurdon Pelicans : LHP Francisco Mora
Batting: RHB Jim Unknown 0-0: Ball
1-0: Ball
2-0: Swinging Strike
2-1: Fly out, F7 (Flyball, 7D)
Batting: LHB Jim Unknown 0-0: Called Strike
0-1: Called Strike
0-2: Ball
1-2: Ground out 4-3 (Groundball, 4)
Batting: RHB Jim Unknown 0-0: Ball
1-0: Called Strike
1-1: Foul Ball, location: 2F
1-2: Ball
2-2: Ball
3-2: Base on Balls
Batting: RHB Jim Unknown 0-0: Ball
1-0: Fly out, F8 (Flyball, 8LD)
Bottom of the 4th over - 0 run(s), 0 hit(s), 0 error(s), 1 left on base; Gurdon 0 - Long Island 1
TOP OF THE 5TH
Gurdon Pelicans batting - Pitching for Long Island Seawolves : RHP Jim Unknown
Batting: RHB Tony Hernández 0-0: Ground out 4-3 (Groundball, 4)
Batting: RHB Micah Miller 0-0: Ball
1-0: Foul Ball, location: 2F
1-1: Ball
2-1: Foul Ball, location: 2F
2-2: SINGLE (Flyball, 8LM)
Batting: RHB José Muńóz 0-0: Ball
1-0: Called Strike
1-1: Foul Ball, location: 2F
1-2: Foul Ball, location: 2F
1-2: Fielders Choice at 2nd, 1-6 (Groundball, 23)
Batting: SHB Carlos Kramer 0-0: Called Strike
0-1: Ground out 4-3 (Groundball, 34D)
Top of the 5th over - 0 run(s), 1 hit(s), 0 error(s), 1 left on base; Gurdon 0 - Long Island 1
BOTTOM OF THE 5TH
Long Island Seawolves batting - Pitching for Gurdon Pelicans : LHP Francisco Mora
Batting: RHB Manuel Martínez 0-0: Called Strike
0-1: SINGLE (Line Drive, 3)
Batting: RHB Jim Unknown 0-0: Ball
1-0: Grounds into double play, U6-3 (Groundball, 6M)
Batting: RHB Jim Unknown 0-0: Called Strike
0-1: Foul Ball, location: 2F
0-2: Ball
1-2: Foul Ball, location: 2F
1-2: Ball
2-2: Foul Ball, location: 2F
2-2: SINGLE (Flyball, 89S)
Batting: SHB Carroll Kline 0-0: Ball
1-0: Foul Ball, location: 2F
1-1: Called Strike
1-2: Ball
2-2: Foul Ball, location: 2F
2-2: Ball
3-2: Base on Balls
Jim Unknown to second
Batting: RHB Cory Hansen 0-0: Ball
1-0: Ball
2-0: Ground out 6-3 (Groundball, 6)
Bottom of the 5th over - 0 run(s), 2 hit(s), 0 error(s), 2 left on base; Gurdon 0 - Long Island 1
TOP OF THE 6TH
Gurdon Pelicans batting - Pitching for Long Island Seawolves : RHP Jim Unknown
Batting: LHB Jesús Reyes 0-0: Ground out 4-3 (Groundball, 4MS)
Batting: RHB Alex Maxwell 0-0: Ball
1-0: Ball
2-0: Ball
3-0: Base on Balls
Batting: RHB Riley Howard 0-0: Ball
1-0: Called Strike
1-1: Ball
2-1: Called Strike
2-2: Foul Ball, location: 2F
2-2: Ball
3-2: Reached on error, E5 (Groundball, 5)
Alex Maxwell to second
Batting: RHB António Sánchez 0-0: Ball
1-0: Called Strike
1-1: Called Strike
1-2: Foul Ball, location: 2F
1-2: Ball
2-2: Ball
3-2: Base on Balls
Alex Maxwell to third
Riley Howard to second
Batting: RHB Bobby Buck 0-0: Called Strike
0-1: Foul Ball, location: 2F
0-2: Foul Ball, location: 2F
0-2: Strikes out swinging
Batting: RHB Tony Hernández 0-0: Swinging Strike
0-1: Foul Ball, location: 2F
0-2: Fly out, F7 (Flyball, 7M)
Top of the 6th over - 0 run(s), 0 hit(s), 1 error(s), 3 left on base; Gurdon 0 - Long Island 1
BOTTOM OF THE 6TH
Long Island Seawolves batting - Pitching for Gurdon Pelicans : LHP Francisco Mora
Batting: RHB Jim Unknown 0-0: Ball
1-0: Called Strike
1-1: Swinging Strike
1-2: Ball
2-2: Ball
3-2: Base on Balls
Batting: LHB Jim Unknown 0-0: Bunted foul
0-1: Sac Bunt - play at second, runner OUT! 1-6
Batting: RHB Jim Unknown 0-0: Ball
1-0: Called Strike
1-1: Called Strike
1-2: Foul Ball, location: 2F
1-2: Grounds into double play, 6-4-3 (Groundball, 6)
Bottom of the 6th over - 0 run(s), 0 hit(s), 0 error(s), 0 left on base; Gurdon 0 - Long Island 1
TOP OF THE 7TH
Gurdon Pelicans batting - Pitching for Long Island Seawolves : RHP Jim Unknown
Batting: RHB Micah Miller 0-0: Called Strike
0-1: Fly out, F3 (Popup, 3SF)
Batting: RHB José Muńóz 0-0: Foul Ball, location: 2F
0-1: Ball
1-1: Foul Ball, location: 2F
1-2: Ball
2-2: Ball
3-2: Foul Ball, location: 2F
3-2: Base on Balls
Batting: SHB Carlos Kramer 0-0: Foul Ball, location: 2F
0-1: Ball
1-1: Fly out, F8 (Flyball, 8LM)
Batting: LHB Jesús Reyes 0-0: Ball
1-0: Ball
2-0: Ball
3-0: Called Strike
3-1: Base on Balls
José Muńóz to second
Batting: RHB Alex Maxwell 0-0: Ball
1-0: Ball
2-0: Ball
3-0: Called Strike
3-1: Swinging Strike
3-2: Base on Balls
José Muńóz to third
Jesús Reyes to second
Batting: RHB Riley Howard 0-0: Foul Ball, location: 2F
0-1: Foul Ball, location: 2F
0-2: Ball
1-2: Ball
2-2: Ball
3-2: Hit by Pitch
José Muńóz scores
Jesús Reyes to third
Alex Maxwell to second
Pitching: RHP Jim Unknown
Pinch Hitting: RHB António Alvarado 0-0: Called Strike
0-1: Ball
1-1: Ball
2-1: Foul Ball, location: 2F
2-2: Ball
3-2: Foul Ball, location: 2F
3-2: Ground out 6-3 (Groundball, 6)
Top of the 7th over - 1 run(s), 0 hit(s), 0 error(s), 3 left on base; Gurdon 1 - Long Island 1
BOTTOM OF THE 7TH
Long Island Seawolves batting - Pitching for Gurdon Pelicans : LHP Francisco Mora
Now in RF: António Alvarado
Batting: RHB Jim Unknown 0-0: Called Strike
0-1: Ball
1-1: Ball
2-1: Foul Ball, location: 2F
2-2: SINGLE (Line Drive, 78S)
Batting: RHB Manuel Martínez 0-0: Bunted foul
0-1: Sac Bunt - play at first, batter OUT! 1-4
Jim Unknown to second
Batting: RHB Jim Unknown 0-0: Intentional Walk
Batting: RHB Jim Unknown 0-0: Ball
1-0: Ball
2-0: Ball
3-0: Called Strike
3-1: Base on Balls
Jim Unknown to third
Jim Unknown to second
Pitching: RHP Ken Stewart
Batting: SHB Carroll Kline 0-0: Ball
1-0: Grounds into double play, U6-3 (Groundball, 6M)
Bottom of the 7th over - 0 run(s), 1 hit(s), 0 error(s), 2 left on base; Gurdon 1 - Long Island 1
TOP OF THE 8TH
Gurdon Pelicans batting - Pitching for Long Island Seawolves : RHP Jim Unknown
Batting: RHB Bobby Buck 0-0: Swinging Strike
0-1: Called Strike
0-2: Ball
1-2: Ball
2-2: Foul Ball, location: 2F
2-2: Strikes out swinging
Pinch Hitting: SHB Lionel Merlet 0-0: Called Strike
0-1: Called Strike
0-2: Ground out 4-3 (Groundball, 4)
Batting: RHB Micah Miller 0-0: Foul Ball, location: 2F
0-1: Foul Ball, location: 2F
0-2: Ball
1-2: Ground out 1-3 (Groundball, 15)
Top of the 8th over - 0 run(s), 0 hit(s), 0 error(s), 0 left on base; Gurdon 1 - Long Island 1
BOTTOM OF THE 8TH
Long Island Seawolves batting - Pitching for Gurdon Pelicans : RHP Ken Stewart
Now at SS: Morton Kelly
Batting: RHB Cory Hansen 0-0: SINGLE (Line Drive, 6MD)
Batting: RHB Jim Unknown 0-0: Bunted foul
0-1: Bunted foul
0-2: Ball
1-2: Ball
2-2: SINGLE (Line Drive, 34)
Cory Hansen to second
Batting: LHB Jim Unknown 0-0: Called Strike
0-1: Sac Bunt - play at third, runner OUT! 2-5
Jim Unknown to second
Pinch Hitting: LHB Jim Unknown 0-0: Ball
1-0: Ball
2-0: Called Strike
2-1: Called Strike
2-2: Fly out, F6 (Popup, 6MD)
Batting: RHB Jim Unknown 0-0: SINGLE (Line Drive, 8RS)
Jim Unknown to third
Jim Unknown to second
Runner from 3rd tries for Home, SAFE, no throw or cutoff
Batting: RHB Manuel Martínez 0-0: Called Strike
0-1: Ball
1-1: Foul Ball, location: 2F
1-2: Strikes out looking
Bottom of the 8th over - 1 run(s), 3 hit(s), 0 error(s), 2 left on base; Gurdon 1 - Long Island 2
TOP OF THE 9TH
Gurdon Pelicans batting - Pitching for Long Island Seawolves : RHP Jim Unknown
Pitching: RHP Jim Unknown
Now in LF: Jim Unknown
Batting: RHB José Muńóz 0-0: Ball
1-0: Foul Ball, location: 2F
1-1: Foul Ball, location: 2F
1-2: Ball
2-2: Strikes out swinging
Batting: SHB Carlos Kramer 0-0: Called Strike
0-1: Fly out, F6 (Line Drive, 6M)
Batting: LHB Jesús Reyes 0-0: Called Strike
0-1: Ball
1-1: Called Strike
1-2: Strikes out swinging
Top of the 9th over - 0 run(s), 0 hit(s), 0 error(s), 0 left on base; Gurdon 1 - Long Island 2
This league is powered by Out of the Park Baseball, the baseball management simulation game for PC, Mac and Linux
Friday, October 23rd, 2015 - OOTP Baseball 16.9 Build 39